 Dungeon Crawl Stone Soup version 0.27-a0-1125-g131cd56 (webtiles) character file.

Game seed: 7592912935933979399

57 Meow the Stinger (level 4, 36/36 HPs)
             Began as a Naga Venom Mage on May 3, 2021.
             Quit the game on level 2 of the Dungeon.
             The game lasted 00:04:47 (1085 turns).

Meow the Stinger (Naga Venom Mage)                  Turns: 1085, Time: 00:04:47

Health: 36/36      AC:  3    Str: 11    XL:     4   Next: 0%
Magic:  8/8        EV:  9    Int: 16    God:
Gold:   81         SH:  0    Dex: 11    Spells: 4/8 levels left

rFire    . . .     SeeInvis +   a - +2 hunting sling (flame)
rCold    . . .     Faith    .   (no shield)
rNeg     . . .     Spirit   .   d - +0 robe
rPois    +         Reflect  .   (no helmet)
rElec    .         Harm     .   (no cloak)
rCorr    .         Rampage  .   f - +0 pair of gloves
Will     .....                  (no barding)
Stlth    ++........             (no amulet)
HPRegen  0.12/turn              (no ring)
MPRegen  0.11/turn              (no ring)

@: short of breath, very slow
A: AC +1, large, see invisible, deformed body, poison resistance, slowness 2,
spit poison 1, naga tail 1
a: Spit Poison


You were on level 2 of the Dungeon.
You visited 1 branch of the dungeon, and saw 2 of its levels.

You collected 81 gold pieces.

Inventory:

Hand Weapons
 a - a +2 hunting sling of flaming (weapon)
 l - a +0 dagger
Missiles
 e - 90 stones
 k - 15 poisoned darts
 m - 10 sling bullets (quivered ammo)
 n - 7 javelins
Armour
 d - a +0 robe (worn)
 f - a +0 pair of gloves (worn)
Scrolls
 b - a scroll of teleportation {unknown}
 c - a scroll of enchant weapon {unknown}
 g - a scroll of fog {unknown}
 h - a scroll of identify {unknown}
 i - a scroll of magic mapping {unknown}
 j - 2 scrolls of noise {unknown}
Potions
 o - 2 potions of heal wounds {unknown}


   Skills:
 - Level 1.5 Dodging
 + Level 4.4 Stealth
 + Level 2.7 Spellcasting
 - Level 1.0 Transmutations
 + Level 4.8 Poison Magic


You had 4 spell levels left.
You knew the following spells:

 Your Spells              Type           Power      Damage    Failure   Level
a - Sting                 Tmut/Pois      44%        1d5       6%          1
c - Mephitic Cloud        Conj/Pois/Air  7%         N/A       30%         3

Your spell library contained the following spells:

 Spells                   Type           Power      Damage    Failure   Level
 Poisonous Vapours        Pois/Air       20%        N/A       11%         2
 Ignite Poison            Fire/Tmut/Pois 8%         N/A       26%         3
 Olgreb's Toxic Radiance  Pois           17%        N/A       26%         4


Dungeon Overview and Level Annotations

Branches:
Dungeon (2/15)

Altars:

Shops:
D:1 [??:


Innate Abilities, Weirdness & Mutations

Your serpentine skin is tough. (AC +1)
You have supernaturally acute eyesight. (SInv)
Armour fits poorly on your strangely shaped body.
Your system is resistant to poisons. (rPois)
You cover ground very slowly.
You can spit poison.
You have a snake-like lower body.


Message History

You fail to use your ability.
Press: ? - help, Shift-Dir - straight line, f/p - dart slug
Aim: a dart slug (severely wounded)
The splash of poison hits the dart slug.
You kill the dart slug!
HP restored.
Magic restored.
You have got your breath back.
m - 12 sling bullets (gained 1) Key pressed, stopping explore.
Found a chain mail.
You open the door.
There is an open door here.
You open the door.
A ball python comes into view.
Press: ? - help, Shift-Dir - straight line, f - you Really target yourself?
Okay, then.
Fire: 12 sling bullets
Press: ? - help, Q - select action, (/) - cycle Shift-Dir - straight line, f - ball python
Aim: a ball python (wandering, hasn't noticed you, 53% to hit)
You shoot a sling bullet.
The sling bullet barely misses the ball python.
The ball python hisses angrily.
Press: ? - help, Shift-Dir - straight line, f/p - ball python
Aim: a ball python The splash of poison misses the ball python.
Casting: Sting (safe; 6% risk of failure)
Confirm with . or Enter, or press ? or * to list all spells.
You can't see any susceptible monsters within range! (Use Z to cast anyway.) Unknown command.
Unknown command.
Fire: 11 sling bullets
Press: ? - help, Q - select action, (/) - cycle Shift-Dir - straight line, f/p - ball python
Aim: a ball python (53% to hit)
You shoot a sling bullet. The sling bullet hits the ball python!
The sling bullet burns the ball python.
You kill the ball python!
You have reached level 4!
You feel stronger.
Are you sure you want to abandon this character and quit the game? (Confirm with "yes".)

#....# #....# #....#
#....# #...[#
#######....#
+...^##....#
...####..#....###.###
.........'...@'......
########.#....#......
#.#....# .(...
#......# ...(
##.....# ... #..####
.. ##.# . #.## #####
#..#


There were no monsters in sight!

Vanquished Creatures
  A gnoll (D:1)
  An adder (D:2)
  2 dart slugs (D:2)
  3 ball pythons
  3 bats (D:1)
  3 endoplasms (D:1)
  2 giant cockroaches
  4 goblins
  4 hobgoblins
  2 kobolds
  3 frilled lizards
  5 rats (D:1)
33 creatures vanquished.

Notes
Turn   | Place    | Note
-------+----------+-------------------------------------------
     0 | D:1      | Meow the Naga Venom Mage began the quest for the Orb.
     0 | D:1      | Reached XP level 1. HP: 15/15 MP: 3/3
    92 | D:1      | Reached XP level 2. HP: 21/22 MP: 0/5
   146 | D:1      | Found Erpheste's Magic Scroll Boutique.
   342 | D:1      | Found Ricowos's Armour Shoppe.
   423 | D:1      | Reached XP level 3. HP: 18/28 MP: 1/6
   427 | D:1      | Learned a level 3 spell: Mephitic Cloud
   484 | D:1      | Found Xypegh's Magic Scroll Emporium.
   624 | D:1      | Found Kuynodir's Book Shop.
  1085 | D:2      | Reached XP level 4. HP: 36/36 MP: 8/8
  1085 | D:2      | Quit the game

Illustrated notes

Levels and vault maps discovered:
D:1:      eino_arrival_druids_welcome, layout_basic, serial_shops,
          shop_fountains, nicolae_shop_behind_doors, shop, nicolae_shop_trees,
          chequers_serial_rivers_room_a, minmay_misc_feat_encased
D:2:      layout_basic

Skill      XL: |  1  2 |
---------------+-------+-----
Stealth        | 4 |  4.4
Dodging        | |  1.5
Spellcasting   | |  2.7
Transmutations | |  1.0
Poison Magic   | |  4.8

Action                   |  1- 3 |  4- 6 || total
-------------------------+-------+-------++-------
Melee: Dagger            |     5 |       ||     5
 Fire: Hunting sling     |    12 |       ||    12
 Cast: Sting             |    28 |       ||    28
 Abil: Spit Poison       |    38 |       ||    38
Armor: Robe              |     9 |       ||     9
Dodge: Dodged            |    10 |       ||    10

Table legend: (Time is in decaauts)
 A = Elapsed time spent in this place.
 B = Non-inter-level travel time spent in this place.
 C = Inter-level travel time spent in this place.
 D = Time resting spent in this place.
 E = Time spent auto-exploring this place.
 F = Levels seen in this place.
 G = Mean time per level.
                   A        B        C        D        E       F      G
               +--------+--------+--------+--------+--------+-----+--------+
         Total |   1455 |   1419 |     36 |      0 |   1155 |   2 |  727.5 |
       Dungeon |   1455 |   1419 |     36 |      0 |   1155 |   2 |  727.5 |
               +--------+--------+--------+--------+--------+-----+--------+

Top non-repeatable levels by time:
     D:1: 983 daAuts
     D:2: 472 daAuts
